Map: 트라이튼 - 래더

Players

Patience - Winner!

  • Race: Protoss Protoss
  • Spawn Location: 5:00

Zoun

  • Race: Protoss Protoss
  • Spawn Location: 11:00

Event: IEM Katowice 2020

VOD

Have the link to the VOD?

Description

Time

  • Played on: Feb. 24, 2020, 4:16 a.m.
  • Length: 9:07

All games in this series

Show
View Real Time Build Order
Export as new Build Order

Patience Protoss - Winner!

Build Orders:  

Get SALT Encoding   

  12  0:00  Probe  
  13  0:13  Probe  
  14  0:17  Pylon  
  14  0:25  Probe (Chrono Boost)  
  15  0:37  Probe (Chrono Boost)  
  15  0:38  Gateway  
  16  0:44  Probe (Chrono Boost)  
  16  0:46  Assimilator  
  17  0:51  Probe  
  17  0:55  Assimilator  
  18  1:03  Probe (Chrono Boost)  
  19  1:07  Gateway  
  19  1:12  Probe (Chrono Boost)  
  19  1:17  Probe (Chrono Boost)  
  20  1:25  Cybernetics Core  
  21  1:29  Probe  
  22  1:34  Pylon  
  22  1:42  Probe  
  23  1:54  Probe  
  24  2:00  Warp Gate (Chrono Boost)  
  24  2:02  Adept  
  24  2:03  Sentry  
  24  2:07  Probe  
  24  2:08  Pylon  
  29  2:19  Probe  
  30  2:31  Probe  
  30  2:33  Stalker x2  
  35  2:43  Probe  
  36  3:00  Nexus  
  36  3:05  Shield Battery  
  36  3:13  Stalker  
  38  3:27  Shield Battery  
  38  3:33  Shield Battery  
  38  3:37  Twilight Council  
  38  3:40  Pylon  
  38  3:52  Probe  
  39  3:58  Stalker  
  39  3:59  Stalker  
  41  4:04  Shield Battery  
  41  4:08  Gateway  
  41  4:10  Shield Battery  
  41  4:12  Blink (Chrono Boost)  
  40  4:17  Probe  
  40  4:21  Probe  
  42  4:25  Adept  
  42  4:26  Adept  
  46  4:33  Probe  
  47  4:40  Probe  
  48  4:46  Stalker x2  
  48  4:47  Probe  
  48  4:52  Probe  
  54  4:59  Probe  
  52  5:07  Stalker  
  52  5:09  Probe  
  52  5:11  Probe  
  56  5:20  Phoenix  
  56  5:21  Probe  
  57  5:23  Probe  
  57  5:28  Stalker  
  60  5:33  Probe  
  61  5:35  Probe  
  61  5:42  Pylon  
  62  5:44  Forge  
  62  5:52  Assimilator  
  62  5:53  Pylon  
  62  6:00  Probe x2  
  64  6:07  Stalker x3  
  64  6:09  Protoss Ground Weapons Level 1 (Chrono Boost)  
  69  6:12  Probe  
  68  6:20  Probe  
  68  6:24  Probe  
  68  6:44  Nexus  
  62  6:47  Pylon  
  62  6:49  Charge (Chrono Boost)  
  62  6:53  Gateway  
  62  6:54  Gateway  
  58  6:56  Gateway  
  58  6:59  Stalker x3  
  64  7:05  Robotics Facility  
  64  7:19  Gateway  
  64  7:20  Gateway  
  64  7:21  Probe x2  
  66  7:24  Stalker x2  
  66  7:26  Stalker  
  72  7:33  Probe  
  72  7:36  Templar Archives  
  73  7:41  Photon Cannon  
  73  7:52  Observer (Chrono Boost)  
  73  7:56  Zealot x5  
  84  7:58  Zealot  
  89  8:08  Warp Prism (Chrono Boost)  
  88  8:14  High Templar  
  88  8:15  High Templar  
  88  8:18  Pylon  
  88  8:19  Pylon  
  92  8:20  Archon  
  92  8:21  High Templar  
  92  8:23  High Templar  
  96  8:28  Archon  
  96  8:36  Zealot x4  
  96  8:39  Pylon  
  96  8:40  Pylon  
  103  8:50  Zealot  
  103  8:51  Zealot  
  103  8:54  Zealot  
  95  8:59  Zealot x4  
Show
View Real Time Build Order
Export as new Build Order

Zoun Protoss 

Build Orders: Phoenix Opening 

Get SALT Encoding   

  12  0:00  Probe  
  13  0:12  Probe  
  14  0:17  Pylon  
  14  0:24  Probe (Chrono Boost)  
  16  0:37  Probe (Chrono Boost)  
  16  0:38  Gateway  
  16  0:42  Probe (Chrono Boost)  
  16  0:46  Assimilator  
  17  0:52  Probe (Chrono Boost)  
  17  0:53  Assimilator  
  18  1:04  Probe (Chrono Boost)  
  18  1:07  Gateway  
  19  1:13  Probe (Chrono Boost)  
  20  1:18  Probe  
  20  1:25  Cybernetics Core  
  21  1:30  Probe  
  22  1:35  Pylon  
  22  1:43  Probe  
  23  1:55  Probe  
  24  2:01  Adept x2  
  24  2:02  Warp Gate  
  24  2:07  Probe  
  29  2:10  Pylon  
  29  2:19  Probe  
  30  2:24  Stargate  
  30  2:35  Adept x2  
  34  2:40  Probe  
  35  2:48  Pylon  
  34  2:59  Probe  
  35  3:06  Phoenix (Chrono Boost)  
  35  3:11  Adept  
  41  3:16  Shield Battery  
  39  3:22  Phoenix  
  41  3:30  Probe  
  42  3:54  Probe  
  40  3:57  Phoenix  
  42  4:07  Robotics Facility  
  42  4:08  Probe, Nexus  
  41  4:22  Sentry x2  
  45  4:25  Probe  
  45  4:26  Pylon  
  46  4:37  Probe  
  47  4:42  Shield Battery  
  47  4:49  Probe  
  47  4:52  Immortal (Chrono Boost)  
  52  5:01  Probe  
  51  5:13  Probe (Chrono Boost)  
  48  5:14  Sentry  
  48  5:15  Twilight Council  
  48  5:20  Probe (Chrono Boost)  
  51  5:26  Probe (Chrono Boost), Observer  
  54  5:29  Probe (Chrono Boost)  
  54  5:31  Probe (Chrono Boost)  
  55  5:35  Probe  
  55  5:43  Probe  
  55  5:44  Gateway x2  
  56  5:51  Probe  
  56  5:53  Blink  
  56  5:55  Probe  
  58  6:02  Assimilator  
  58  6:03  Probe  
  59  6:04  Assimilator  
  59  6:07  Probe  
  59  6:09  Immortal  
  64  6:15  Probe  
  64  6:21  Probe  
  64  6:23  Pylon  
  56  6:27  Probe  
  53  6:33  Probe  
  53  6:39  Probe  
  53  6:41  Stalker  
  53  6:45  Probe  
  54  6:51  Probe (Chrono Boost)  
  52  6:56  Stalker  
  52  6:58  Probe (Chrono Boost)  
  55  7:04  Probe (Chrono Boost)  
  55  7:07  Observer  
  57  7:09  Probe (Chrono Boost)  
  57  7:12  Probe (Chrono Boost)  
  57  7:14  Probe (Chrono Boost)  
  58  7:15  Gateway  
  58  7:16  Gateway  
  58  7:17  Warp Prism  
  58  7:18  Probe  
  58  7:22  Sentry  
  64  7:25  Probe (Chrono Boost)  
  64  7:29  Pylon  
  65  7:30  Probe (Chrono Boost)  
  65  7:31  Sentry  
  65  7:36  Observer  
  69  7:42  Probe x2 (Chrono Boost)  
  69  7:44  Pylon  
  70  7:46  Pylon  
  70  7:48  Probe (Chrono Boost)  
  70  7:49  Stalker  
  69  7:52  Stalker  
  69  7:56  Probe  
  72  7:59  Stalker  
  72  8:01  Stalker  
  76  8:13  Stalker x3  
  76  8:18  Stalker  
  84  8:34  Stalker x2  
  88  8:37  Stalker x2  
  88  8:40  Stalker  
  94  8:54  Stalker  
  86  8:57  Stalker x2  

Tags
 
Add a new tag
Caveats
  • Supply blocks, unpowered buildings, or Contaminate may cause inaccurate times.
  • Supply counts are checked every 10 seconds.